 Dungeon Crawl Stone Soup version 0.17.0-28-g6e173f8 (webtiles) character file.

1758 dohliylev the Unseen (level 8, -1/56 HPs)
             Began as a Vampire Assassin on Nov 27, 2015.
             Was a Believer of Dithmenos.
             Killed by divine providence
             ... invoked by an orc priest
              (13 damage)
             ... on level 6 of the Dungeon.
             The game lasted 01:02:28 (7843 turns).

dohliylev the Unseen (Vampire Assassin)             Turns: 7843, Time: 01:02:28

Health: -1/56      AC:  3    Str: 10    XL:     8   Next: 79%
Magic:  8/8        EV: 11    Int: 13    God:    Dithmenos [**....]
Gold:   265        SH:  4    Dex: 18    Spells: 0 memorised, 7 levels left

rFire  . . .     SeeInvis +     b - +0 blowgun
rCold  + + .     Clarity  .     c - +0 robe
rNeg   + + +     SustAt   .     x - +0 buckler
rPois  ∞         Gourm    .     (no helmet)
rElec  .         Spirit   .     s - +0 cloak
rCorr  .         Warding  .     (no gloves)
rMut   .         Rnd*Tele +     (no boots)
MR     .....                    (no amulet)
Stlth  ++++++++++               y - ring of teleportation (curse)
                                i - ring of positive energy

@: bloodless, non-regenerating, wreathed by umbra, not resistant to hostile
enchantments, uncannily stealthy
A: fangs 3, see invisible, unbreathing
a: Bat Form, Shadow Step, Renounce Religion, Evoke Teleportation


You were on level 6 of the Dungeon.
You worshipped Dithmenos.
Dithmenos was pleased with you.
You were bloodless.

You visited 1 branch of the dungeon, and saw 6 of its levels.

You collected 265 gold pieces.

Inventory:

Hand Weapons
 a - a +2 dagger
 b - a +0 blowgun (weapon)
Missiles
 e - a throwing net
 f - 2 curare-tipped needles
 A - 17 tomahawks
 G - 5 poisoned needles (quivered)
Armour
 c - a +0 robe (worn)
 s - a +0 cloak (worn)
 x - a +0 buckler (worn)
Jewellery
 i - a ring of positive energy (left hand)
 v - an uncursed ring of see invisible
 y - a cursed ring of teleportation (right hand)
Wands
 F - a wand of confusion (19)
Scrolls
 h - 3 scrolls of magic mapping {unknown}
 j - 3 scrolls of teleportation {unknown}
 k - 3 scrolls of remove curse {unknown}
 m - 5 scrolls of identify {unknown}
 p - a scroll of fog {unknown}
 q - a scroll of enchant weapon {unknown}
 r - 2 scrolls of noise {unknown}
 u - 4 scrolls of recharging {unknown}
 w - 2 scrolls of immolation {unknown}
 B - a scroll of vulnerability {unknown}
 C - a scroll of blinking {unknown}
 D - a scroll of amnesia {unknown}
Potions
 d - a potion of invisibility {unknown}
 g - 16 potions of blood
 l - a potion of agility {unknown}
 n - 2 potions of degeneration {unknown}
 o - a potion of curing {unknown}
 t - a potion of beneficial mutation {unknown}
 z - 2 potions of mutation {unknown}
 E - a potion of might {unknown}


   Skills:
 - Level 1.8 Fighting
 - Level 2.1 Short Blades
 - Level 1.7 Throwing
 + Level 1.1 Dodging
 * Level 16.8 Stealth
 - Level 0.8 Shields
 + Level 0.1 Evocations


You had 7 spell levels left.
You didn't know any spells.

Dungeon Overview and Level Annotations

Branches:
Dungeon (6/15)             Temple (0/1) D:6

Altars:
Dithmenos
Fedhas
Gozag
Kikubaaqudgha
Nemelex Xobeh
Sif Muna
Xom
Zin

Shops:
D:6 (

Annotations:
D:4 Menkaure; Nicoed's ghost, amateur DrTm


Innate Abilities, Weirdness & Mutations

You do not heal naturally.
You are immune to poison.
You have razor-sharp teeth.
You have supernaturally acute eyesight.
You can survive without breathing.


Message History

The orc priest shouts!
Firing (i - inventory. (,) - cycle):
G - 8 poisoned needles (quivered)
Press: ? - help, Shift-Dir - straight line, f - orc priest
Aim: an orc priest, wielding a hand axe You shoot a poisoned needle.
The poisoned needle barely misses the orc priest.
Firing (i - inventory. (,) - cycle):
G - 7 poisoned needles (quivered)
Press: ? - help, Shift-Dir - straight line, f/p - orc priest
Aim: an orc priest, wielding a hand axe You shoot a poisoned needle.
The poisoned needle closely misses the orc priest.
Firing (i - inventory. (,) - cycle):
G - 6 poisoned needles (quivered)
Press: ? - help, Shift-Dir - straight line, f/p - orc priest
Aim: an orc priest, wielding a hand axe (umbra)
You shoot a poisoned needle.
The poisoned needle hits the orc priest!
The orc priest is poisoned.
The orc priest invokes the aid of Beogh against you.
Something smites you!
You die...

#..#..# #........##
####.##.##
#..........
##....##.#
#........##
#.)...##.# #........#
##.......# #<.......#
###.##..# ######.###
#.##[.# #.# #.##..#
##.#### #.##@.#
##......
#.##..########...####
#.###o...........####
#.# #.#########......
#.## #.....#### #..##
##.##.##
###..###..##.#
#.....(o..#..#
.....##...♣(≈≈♣#####


You could see an orc priest.

Vanquished Creatures
  Eustachio (D:5)
  An ice beast (D:5)
  5 ogres
  2 phantoms
  A scorpion (D:6)
  A crimson imp (D:5)
  4 hounds
  Crazy Yiuf (D:2)
  3 iguanas (D:5)
  3 orc priests
  5 orc wizards
  2 worker ants
  Terence (D:2)
  2 hound skeletons (D:5)
  7 gnolls
  11 adders
  2 worms
  18 orcs
  3 giant cockroaches
  5 goblins
  9 hobgoblins
  6 jackals
  3 kobolds
  3 quokkas
  5 bats
  4 giant geckos
  3 giant newts
  A jackal skeleton (D:6)
  6 rats
  A fungus (D:2)
119 creatures vanquished.

Notes
Turn   | Place    | Note
--------------------------------------------------------------
     0 | D:1      | dohliylev the Vampire Assassin began the quest for the Orb.
     0 | D:1      | Reached XP level 1. HP: 16/16 MP: 1/1
     6 | D:1      | Noticed a yaktaur captain
     6 | D:1      | Noticed a soldier ant
     6 | D:1      | Noticed a giant leech
     6 | D:1      | Noticed a komodo dragon
    54 | D:1      | Reached skill level 6 in Stealth
   254 | D:1      | Reached XP level 2. HP: 22/22 MP: 2/2
   588 | D:1      | Reached skill level 7 in Stealth
   859 | D:2      | Found an opulent altar of Gozag.
   861 | D:2      | Found a shadowy altar of Dithmenos.
   878 | D:2      | Became a worshipper of Dithmenos the Shadowed
   973 | D:2      | Noticed Terence
   980 | D:2      | Killed Terence
   980 | D:2      | Reached XP level 3. HP: 27/27 MP: 3/3
   987 | D:2      | Reached skill level 8 in Stealth
   998 | D:2      | Found a shimmering altar of Xom.
  1003 | D:2      | Reached XP level 4. HP: 31/33 MP: 4/4
  1033 | D:2      | Reached skill level 9 in Stealth
  1515 | D:2      | Found a deep blue altar of Sif Muna.
  1515 | D:2      | Found a glowing silver altar of Zin.
  1812 | D:2      | Noticed Crazy Yiuf
  1818 | D:2      | Killed Crazy Yiuf
  1818 | D:2      | Reached XP level 5. HP: 38/38 MP: 5/5
  2062 | D:3      | Reached skill level 10 in Stealth
  2588 | D:3      | Found a blossoming altar of Fedhas.
  2589 | D:3      | Found an ancient bone altar of Kikubaaqudgha.
  2726 | D:4      | Noticed an ogre
  2834 | D:3      | Killed an ogre
  2834 | D:3      | Reached skill level 11 in Stealth
  2834 | D:3      | Reached XP level 6. HP: 19/44 MP: 6/6
  2943 | D:4      | Noticed Nicoed's ghost (amateur DrTm)
  3769 | D:4      | Noticed a phantom
  3770 | D:4      | Noticed Menkaure
  3773 | D:4      | Killed a phantom
  3776 | D:4      | Noticed an ogre
  3953 | D:4      | Killed an ogre
  3953 | D:4      | Reached skill level 12 in Stealth
  4229 | D:4      | Reached XP level 7. HP: 6/49 MP: 5/7
  4380 | D:5      | Entered Level 5 of the Dungeon
  4411 | D:5      | Found a sparkling altar of Nemelex Xobeh.
  5009 | D:5      | Reached skill level 13 in Stealth
  5214 | D:5      | Reached * piety under Dithmenos
  5223 | D:5      | Reached skill level 14 in Stealth
  5387 | D:5      | Noticed Eustachio
  5568 | D:5      | Killed Eustachio
  5568 | D:5      | Reached XP level 8. HP: 18/56 MP: 8/8
  5912 | D:5      | HP: 1/56 [orc wizard/magic dart (11)]
  5927 | D:5      | Reached skill level 15 in Stealth
  5956 | D:5      | HP: 1/56 [orc/tomahawk (1)]
  7118 | D:6      | Reached skill level 16 in Stealth
  7206 | D:6      | Found a staircase to the Ecumenical Temple.
  7501 | D:6      | Found Ginn's Weapon Shop.
  7578 | D:6      | Reached ** piety under Dithmenos
  7843 | D:6      | Killed from afar by an orc priest

Action                   |  1- 3 |  4- 6 |  7- 9 || total
-------------------------+-------+-------+-------++-------
Melee: Dagger            |    40 |    65 |   105 ||   210
 Fire: Blowgun           |     4 |    61 |   119 ||   184
 Abil: Bat Form          |       |    13 |    24 ||    37
       End Transformatio |       |    12 |    25 ||    37
       Evoke Teleportati |       |       |     1 ||     1
  Use: Potion            |       |       |     4 ||     4
 Stab: Sleeping          |    14 |    16 |    14 ||    44
       Distracted        |       |     2 |     7 ||     9
